 Dungeon Crawl Stone Soup version 0.20.1-1-g8b1a95d66d (webtiles) character file.

102 mimosa the Chopper (level 4, -10/63 HPs)
             Began as a Hill Orc Berserker on Nov 26, 2017.
             Was a Believer of Trog.
             Mangled by an orc warrior
             ... wielding a +0 scimitar
              (14 damage)
             ... on level 3 of the Dungeon.
             The game lasted 00:02:53 (2936 turns).

mimosa the Chopper (Hill Orc Berserker)             Turns: 2936, Time: 00:02:54

Health: -10/63     AC:  6    Str: 24    XL:     4   Next: 77%
Magic:  4/4        EV: 12    Int:  7    God:    Trog [**....]
Gold:   107        SH:  0    Dex: 11    Spells: 3/3 levels left

rFire    . . .     SeeInvis .   a - +0 hand axe
rCold    . . .     Gourm    .   (no shield)
rNeg     . . .     Faith    .   b - +0 animal skin
rPois    .         Spirit   .   (no helmet)
rElec    .         Reflect  .   o - +0 cloak
rCorr    .         Harm     .   p - +2 pair of gloves
MR       .....                  (no boots)
Stlth    ..........             (no amulet)
Regen    0.2/turn               (no ring)
MPRegen  0.1/turn               (no ring)

@: berserking, very quick
A: no striking features
a: Berserk, Trog's Hand, Burn Spellbooks, Renounce Religion, Convert to Beogh


You were on level 3 of the Dungeon.
You worshipped Trog.
Trog was pleased with you.
You were very hungry.

You visited 1 branch of the dungeon, and saw 3 of its levels.

You collected 107 gold pieces.

Inventory:

Hand Weapons
 a - a +0 hand axe (weapon)
Armour
 b - a +0 animal skin (worn)
 o - a +0 cloak (worn)
 p - a +2 pair of gloves (worn)
Scrolls
 d - a scroll of immolation {unknown}
 i - a scroll of noise {unknown}
 j - 2 scrolls of identify {unknown}
 l - a scroll of recharging {unknown}
Potions
 e - 2 potions of curing {unknown}
 h - a potion of heal wounds {unknown}
 k - a potion of invisibility {unknown}
 m - a potion of magic {unknown}
 n - a potion of mutation {unknown}
Comestibles
 c - a bread ration
 f - a meat ration
 g - 3 fruits


   Skills:
 + Level 5.1 Fighting
 + Level 5.8 Axes
 - Level 2.1 Armour
 - Level 1.5 Dodging


You had 3 spell levels left.
You didn't know any spells.

Dungeon Overview and Level Annotations

Branches:
Dungeon (3/15)

Altars:
Vehumet


Message History

You feel yourself moving faster!
You feel mighty!
You are feeling very hungry.
The orc warrior hits you with a scimitar!
You closely miss the orc warrior.
The orc warrior hits you with a scimitar!!
You barely miss the orc warrior. You hit the orc warrior.
The orc warrior is lightly wounded.
The orc warrior hits you with a scimitar!!
* * * LOW HITPOINT WARNING * * *
You slash the orc warrior!
The orc warrior is heavily wounded.
The orc warrior hits you with a scimitar.
* * * LOW HITPOINT WARNING * * *
You hit the orc warrior.
The orc warrior is severely wounded.
You hit the orc warrior.
The orc warrior is almost dead.
The orc warrior hits you with a scimitar!
You die...

#.# #.# #.####.#
#.#[.#.#
#########.#..#.#
#.........#....#
#.##########.### .
#.#.......<#.#
....####.#.########.#
...oooo@.#..........#
...?o################
... #


You could see an orc warrior, an orc priest, an orc wizard and 2 orcs.

Vanquished Creatures
  Crazy Yiuf (D:2)
  3 adders (D:2)
  2 dart slugs (D:2)
  A leopard gecko (D:1)
  3 bats (D:1)
  2 giant cockroaches
  5 goblins
  2 hobgoblins (D:1)
  3 jackals (D:2)
  8 kobolds
  5 frilled lizards
  7 rats
42 creatures vanquished.

Notes
Turn   | Place    | Note
-------+----------+-------------------------------------------
     0 | D:1      | mimosa the Hill Orc Berserker began the quest for the Orb.
     0 | D:1      | Reached XP level 1. HP: 19/19 MP: 1/1
   156 | D:1      | Reached XP level 2. HP: 24/27 MP: 2/2
   945 | D:2      | Reached XP level 3. HP: 34/34 MP: 3/3
  1381 | D:2      | Reached skill level 5 in Axes
  1839 | D:2      | Found a runed door.
  1934 | D:2      | Reached ** piety under Trog
  2238 | D:2      | Reached XP level 4. HP: 39/41 MP: 4/4
  2305 | D:2      | Found a radiant altar of Vehumet.
  2465 | D:2      | Reached skill level 5 in Fighting
  2605 | D:2      | Noticed Crazy Yiuf
  2612 | D:2      | Killed Crazy Yiuf
  2925 | D:3      | Noticed an orc warrior
  2934 | D:3      | HP: 3/63 [orc warrior/scimitar (4)]
  2936 | D:3      | Mangled by an orc warrior

Skill      XL: |  1  2  3  4 |
---------------+-------------+-----
Fighting       | 4 5 |  5.1
Axes           | 5 |  5.8
Armour         | |  2.1
Dodging        | |  1.5

Action                   |  1- 3 |  4- 6 || total
-------------------------+-------+-------++-------
Melee: Hand axe          |   105 |    33 ||   138
Invok: Berserk           |       |     2 ||     2
 Stab: Sleeping          |     1 |       ||     1
  Eat: Chunk             |     4 |     3 ||     7
Armor: Animal skin       |    23 |     3 ||    26
Dodge: Dodged            |    77 |     8 ||    85
